Map: Catalyst LE

Players

MyRaceIsOP - Winner!

  • Race: Zerg Zerg
  • League: Platinum
  • Spawn Location: 11:00

Sixdog

  • Race: Zerg Zerg
  • League: Platinum
  • Spawn Location: 5:00

VOD

Have the link to the VOD?

Description

you hit super early with banes and speed
looks normal to someone who doesn't watch the clock
you can transition to macro if you pull off gas and make drones
queens to defend if you need

Time

  • Played on: May 29, 2018, 5:53 a.m.
  • Length: 3:40
Show
View Real Time Build Order
Export as new Build Order

MyRaceIsOP Zerg - Winner!

Build Orders: Hatch First 

Get SALT Encoding   

  12  0:01  Drone  
  13  0:12  Drone  
  14  0:38  Hatchery  
  14  0:39  Drone  
  14  0:52  Extractor  
  14  0:53  Drone  
  14  1:01  Spawning Pool  
  13  1:06  Drone  
  14  1:13  Overlord  
  14  1:31  Drone  
  15  1:48  Zergling x2  
  15  1:49  Zergling x4  
  15  1:51  Zergling x2  
  21  1:54  Metabolic Boost  
  21  1:58  Queen  
  21  2:09  Zergling x4  
  23  2:17  Baneling Nest  
  23  2:20  Drone  
  23  2:27  Zergling x2  
  24  2:50  Zergling x8  
  26  3:04  Zergling x6  
  28  3:09  Baneling  
  28  3:10  Baneling x3  
  28  3:18  Overlord  
Show
View Real Time Build Order
Export as new Build Order

Sixdog Zerg 

Build Orders: Hatch First 

Get SALT Encoding   

  12  0:02  Drone  
  13  0:13  Overlord  
  13  0:17  Drone  
  14  0:31  Drone x2  
  17  0:35  Drone  
  17  0:46  Drone  
  18  1:00  Hatchery  
  17  1:04  Drone  
  17  1:11  Extractor  
  17  1:18  Spawning Pool  
  17  1:22  Drone  
  17  1:25  Drone  
  18  1:37  Drone  
  19  1:40  Overlord  
  19  2:05  Queen  
  21  2:09  Zergling x4  
  21  2:12  Queen  
  21  2:13  Zergling x2  
  21  2:14  Metabolic Boost  
  26  2:19  Drone  
  27  2:38  Zergling x2  
  27  2:39  Zergling x6  
  31  2:47  Extractor  
  28  3:08  Drone x3  
  28  3:09  Drone x3  
  34  3:23  Baneling Nest  
Tags
 
Add a new tag
Caveats
  • Supply blocks, unpowered buildings, or Contaminate may cause inaccurate times.
  • Supply counts are checked every 10 seconds.